AoeStats
← BSHammer

Arena

507880039Analyzed
3v3 RM · 13d ago on Sep 20, 2026· 17m 58s· 6 players
Game mode
Random Map
Map size
Normal (6 player)
Population
200
Speed
Normal
Resources
Standard
Victory
Conquest
Starting age
Dark Age
Ending age
Imperial Age
RankedLock teamsTeams togetherTeam positionsShared explorationLock speedFull tech treeHidden civsTurbo modeCheats
Victory
Defeat
🇲🇽 Bulgarians · Mexico
1688
+14
🇲🇽 Cumans · Mexico
1584
+18
🇺🇸 Teutons · United States
1543
+20
🇺🇸 Dravidians · United States
1665
-19
🇺🇸 Vietnamese · United States
1645
-18
🇺🇸 Celts · United States
1585
-15
MztK | FeNiX
6:10 Loom
8:27 Feudal Age
9:34 Double-Bit Axe
15:28 Fletching
LAT_Power_
6:10 Loom
8:47 Feudal Age
15:09 Fletching
MztK | SpAwN
10:27 Feudal Age
11:15 Horse Collar
15:44 Castle Age
14:26 Double-Bit Axe
16:39 Bow Saw
BSHammer
10:31 Feudal Age
14:42 Castle Age
12:43 Double-Bit Axe
13:09 Horse Collar
Lucas Ducas
8:04 Loom
9:54 Feudal Age
8:10 Loom
10:22 Double-Bit Axe
12:10 Town Watch
12:29 Fletching
15:23 Wheelbarrow
koriko9397
10:18 Feudal Age
14:42 Castle Age
Connection lost

Rejoining the realm…

Still unreachable

The connection could not be restored.

Session expired

The server has moved on; the page needs a fresh start.